AoeStats
← oioi55669

Black Forest

510067873Analyzed
4v4 RM · 1d ago on Sep 29, 2026· 31m 32s· 8 players
Game mode
Random Map
Map size
Large (8 player)
Population
200
Speed
Normal
Resources
Standard
Victory
Conquest
Starting age
Dark Age
Ending age
Imperial Age
RankedLock teamsTeams togetherTeam positionsShared explorationLock speedFull tech treeHidden civsTurbo modeCheats
Victory
Defeat
🇨🇳 Britons · China
1421
+12
🇨🇳 Khmer · China
1413
+12
🇹🇼 Franks · Taiwan
1193
+21
🇹🇼 Teutons · Taiwan
1154
+22
🇨🇳 Jurchens · China
1374
-19
🇩🇪 Berbers · Germany
1321
-17
🇯🇵 Mongols · Japan
1294
-16
🇹🇼 Danes · Taiwan
1279
-15
椰子
6:18 Loom
12:14 Feudal Age
15:56 Castle Age
20:12 Double-Bit Axe
23:57 Bow Saw
23:28 Horse Collar
25:06 Pikeman
25:47 Squires
30:06 Heavy Plow
Jim Levenstein
11:19 Feudal Age
14:50 Castle Age
13:12 Double-Bit Axe
13:10 Horse Collar
17:18 Bow Saw
sada-aki
4:53 Loom
9:28 Feudal Age
10:02 Double-Bit Axe
10:41 Fletching
Mustafa90
0:29 Loom
18:27 Feudal Age
22:58 Castle Age
21:41 Double-Bit Axe
22:38 Gold Mining
23:23 Scale Mail Armor
24:21 Bow Saw
24:40 Chain Mail Armor
28:37 Wheelbarrow
SBZ
0:30 Loom
19:22 Feudal Age
21:18 Fletching
oioi55669
10:50 Feudal Age
14:24 Castle Age
12:39 Double-Bit Axe
16:29 Bow Saw
21:09 Wheelbarrow
23:26 Gold Mining
23:51 Loom
25:14 Stone Mining
28:16 Husbandry
30:12 Fletching
34:23 Imperial Age
黑石塔
1:48 Loom
12:02 Feudal Age
16:09 Castle Age
14:39 Double-Bit Axe
15:28 Horse Collar
19:35 Heavy Plow
24:27 Wheelbarrow
25:39 Bow Saw
30:02 Imperial Age
28:05 Hand Cart
30:46 Gold Mining
31:23 Fervor
31:09 Town Watch
02287
11:49 Feudal Age
12:28 Double-Bit Axe
15:37 Castle Age
14:54 Fishing Lines
16:45 Bow Saw
16:30 Fishing Lines
19:42 Horse Collar
21:14 Gillnets
23:13 Wheelbarrow
23:12 Gold Mining
24:21 Hand Cart
24:50 Gold Shaft Mining
24:05 Stone Mining
28:36 Imperial Age
25:51 Treadmill Crane
26:23 Heavy Plow
26:52 Ballistics
26:55 Loom
27:01 Fletching
27:41 Bodkin Arrow
27:48 Padded Archer Armor
28:47 Yeomen
29:30 Guilds
29:21 Bracer
30:31 Chemistry
29:53 Conscription
29:44 Elite Longbowman
31:36 Leather Archer Armor
Connection lost

Rejoining the realm…

Still unreachable

The connection could not be restored.

Session expired

The server has moved on; the page needs a fresh start.